 Dungeon Crawl Stone Soup version 0.30-a0-778-g2ef04afb54 (webtiles) character file.

Game seed: 4467781349000382901

162447 Leeroy the Eclecticist (level 17, -20/142 HPs)
             Began as a Vine Stalker Warper on Feb 15, 2023.
             Was the Champion of Wu Jian.
             Killed from afar by a fire giant (42 damage)
             ... with a bolt of fire
             ... on level 1 of the Depths.
             The game lasted 01:08:16 (29807 turns).

Leeroy the Eclecticist (Vine Stalker Warper)       Turns: 29807, Time: 01:08:16

Health: -20/142    AC: 15    Str: 14    XL:     17   Next: 81%
Magic:  0/40       EV: 22    Int: 16    God:    Wu Jian [******]
Gold:   3012       SH:  0    Dex: 28    Spells: 0/52 levels left

rFire   . . .      SeeInvis .    a - +3 long sword (spect)
rCold   + . .      Faith    .    (no shield)
rNeg    + . .      Spirit   +    F - +5 robe of the Arena {Rampage Dex+4}
rPois   .          Reflect  .    T - +2 hat {Int+3}
rElec   .          Harm     .    R - +4 cloak of Understanding {Contam +Blink rN+ Dex+2}
rCorr   .          Rampage  +    J - +3 pair of gauntlets of War {Slay+5}
Will    ++...                    s - -1 pair of boots of Forking Paths {rF+ Stlth+} Stlth
                                 m - amulet of Vitality {RegenMP++ Regen++}
HPRegen 2.83/turn                q - ring of ice
MPRegen 1.07/turn                r - +4 ring of slaying

@: berserking, corroded, hasted, very quick
A: fangs 3, regeneration 1, magic shield, antimagic bite, no potion heal 2
a: Renounce Religion, Evoke Blink, Wall Jump, Serpent's Lash, Heavenly Storm


You were on level 1 of the Depths.
You worshipped Wu Jian.
Wu Jian was exalted by your worship.
You visited 7 branches of the dungeon, and saw 30 of its levels.
You also visited: Ossuary and Gauntlet.

You collected 3102 gold pieces.
You spent 90 gold pieces at shops.

Inventory:

Hand Weapons
 a - a +3 spectral long sword (weapon)
 j - a +0 scimitar of flaming
 Q - a +0 scimitar of holy wrath
 W - a +2 dagger of speed
 Z - a +0 rapier of electrocution
Missiles
 d - 7 boomerangs of dispersal
 l - 4 throwing nets (quivered)
 N - 6 curare-tipped darts
Armour
 s - the -1 pair of boots of Forking Paths (worn) {rF+ Stlth+}
   (You found it in a Gauntlet)

   rF:        It protects you from fire.
   Stlth:     It makes you more stealthy.
 u - the +1 helmet "Haneh" {Contam rN++ Regen+ Dex-2}
   (You found it in a Gauntlet)

   Dex:       It affects your dexterity (-2).
   rN:        It greatly protects you from negative energy.
   Contam:    It causes magical contamination when unequipped.
   Regen:     It increases your rate of health regeneration.
 D - the +5 ring mail of the Monkey's Uncle {Will+}
   (You found it in a Gauntlet)

   Will:      It increases your willpower.
 F - the +5 robe of the Arena (worn) {Rampage Dex+4}
   (You found it on level 5 of the Lair of Beasts)

   Dex:       It affects your dexterity (+4).
   Rampage:   It bestows one free step when moving towards enemies.
 J - the +3 pair of gauntlets of War (worn) {Slay+5}
   (You found it on level 2 of the Lair of Beasts)

   Slay:      It affects your accuracy & damage with ranged weapons and melee
   (+5).
 O - +1 swamp dragon scales
 R - the +4 cloak of Understanding (worn) {Contam +Blink rN+ Dex+2}
   (You found it on level 6 of the Dungeon)

   Dex:       It affects your dexterity (+2).
   rN:        It protects you from negative energy.
   +Blink:    It lets you blink.
   Contam:    It causes magical contamination when unequipped.
 T - a +2 hat of intelligence (worn)
Jewellery
 e - a +5 ring of evasion
 m - the amulet of Vitality (around neck) {RegenMP++ Regen++}
   (You found it in a Gauntlet)

   [amulet of magic regeneration]

   It increases your rate of magic regeneration.
   Regen:     It increases your rate of health regeneration.
 o - a ring of magical power
 q - a ring of ice (left hand)
 r - a +4 ring of slaying (right hand)
 E - a ring of resist corrosion
 G - a ring of poison resistance
 V - a ring of fire
Wands
 i - a wand of paralysis (8)
 t - a wand of flame (59)
 C - a wand of iceblast (16)
 L - a wand of light (19)
 M - a wand of polymorph (14)
 U - a wand of digging (12)
Scrolls
 c - 3 scrolls of blinking
 f - 2 scrolls of silence
 k - 4 scrolls of fog
 n - 8 scrolls of fear
 v - 6 scrolls of poison
 y - 2 scrolls of brand weapon
 H - 10 scrolls of teleportation
 K - 4 scrolls of magic mapping
 S - 3 scrolls of summoning
 X - 2 scrolls of immolation
Potions
 b - 3 potions of haste
 g - a potion of berserk rage
 h - 7 potions of might
 p - 2 potions of cancellation {unknown}
 w - 5 potions of attraction {unknown}
 z - 11 potions of curing {unknown}
 A - 5 potions of mutation {unknown}
 B - 4 potions of invisibility
 I - 2 potions of magic {unknown}
 P - 3 potions of brilliance {unknown}
 Y - 4 potions of lignification {unknown}
Miscellaneous
 x - a phial of floods


   Skills:
 - Level 13.0 Fighting
 - Level 16.0 Long Blades
 - Level 0.8 Throwing
 - Level 7.5 Armour
 + Level 9.8 Dodging
 - Level 18.3 Spellcasting
 - Level 3.0 Translocations


You couldn't memorise any spells.
You knew the following spells:

 Your Spells              Type           Power      Damage    Failure   Level
a - Blink                 Tloc           48%        N/A       1%          2
b - Vhi's Electric Charg  Tloc/Air       38%        N/A       6%          3
c - Manifold Assault      Tloc           24%        N/A       11%         4
d - Alistair's Intoxicat  Tmut/Pois      9%         N/A       71%         5
e - Shock                 Conj/Air       56%        1d6       3%          1
f - Momentum Strike       Conj/Tloc      38%        3d9       3%          2
g - Teleport Other        Tloc           24%        N/A       3%          3
h - Irradiate             Conj/Tmut      7%         3d14      71%         5
i - Freezing Cloud        Conj/Ice/Air   11%        6-21      71%         5
j - Kindle Blastsparks    Fire/Tloc/Air  34%        2d12      8%          3
k - Yara's Violent Unrav  Hex/Tmut       7%         3d5       71%         5
l - Summon Forest         Summ/Tloc      9%         N/A       50%         5
m - Passage of Golubria   Tloc           24%        N/A       11%         4
n - Wereblood             Tmut           14%        N/A       6%          2
o - Tukima's Dance        Hex            14%        N/A       12%         3

Your spell library contained the following spells:

 Spells                   Type           Power      Damage    Failure   Level
 Apportation              Tloc           48%        N/A       1%          1
 Lesser Beckoning         Tloc           48%        N/A       1%          2
 Magic Dart               Conj           56%        1d5       3%          1
 Necrotise                Necr           56%        1d6       3%          1
 Summon Small Mammal      Summ           56%        N/A       3%          1
 Gell's Gravitas          Tloc           24%        N/A       3%          3
 Searing Ray              Conj           28%        2d5       6%          2
 Sublimation of Blood     Necr           14%        N/A       6%          2
 Frozen Ramparts          Ice            44%        1d7       12%         3
 Ignite Poison            Fire/Tmut/Pois 14%        N/A       12%         3
 Inner Flame              Hex/Fire       14%        N/A       12%         3
 Ozocubu's Armour         Ice            22%        N/A       12%         3
 Stone Arrow              Conj/Erth      28%        3d8       12%         3
 Swiftness                Air            14%        N/A       12%         3
 Airstrike                Air            7%         2d(1-17)  36%         4
 Anguish                  Hex/Necr       7%         N/A       36%         4
 Cause Fear               Hex            7%         N/A       36%         4
 Fulminant Prism          Conj/Hex       7%         3d7       36%         4
 Ice Form                 Ice/Tmut       22%        N/A       36%         4
 Petrify                  Tmut/Erth      14%        N/A       36%         4
 Summon Ice Beast         Ice/Summ       22%        N/A       36%         4
 Arcjolt                  Conj/Air       7%         1d17      71%         5
 Blade Hands              Tmut           7%         N/A       71%         5
 Eringya's Noxious Bog    Tmut/Pois      7%         N/A       99%         6
 Dragon Form              Tmut           7%         N/A       100%        7
 Enfeeble                 Hex            7%         N/A       100%        7
 Ozocubu's Refrigeration  Ice            11%        4d9       100%        7
 Spellforged Servitor     Conj/Summ      7%         N/A       100%        7
 Summon Hydra             Summ           7%         N/A       100%        7
 Discord                  Hex            7%         N/A       100%        8
 Maxwell's Capacitive Co  Air            7%         ∞         100%        8


Dungeon Overview and Level Annotations

Branches:
Dungeon (15/15)            Temple (1/1) D:4            Lair (5/5) D:10
  Swamp (4/4) Lair:3       Spider (2/4) Lair:2        Slime (0/5) Lair:5
    Orc (2/2) D:9             Elf (0/3) Orc:2        Vaults (0/5) D:14
 Depths (1/4) D:15        Ossuary (visited)         Gauntlet (visited)

Altars:
Ashenzari
Cheibriados
Dithmenos
Elyvilon
Fedhas
Gozag
Hepliaklqana
Kikubaaqudgha
Makhleb
Nemelex Xobeh
Okawaru
Qazlal
Ru
Sif Muna
Trog
Uskayaw
Vehumet
Wu Jian
Xom
Yredelemnul
Zin
The Shining One
Jiyva

Shops:
D:6 (   D:13 (

Annotations:
D:4 1 runed translucent door, Stoves66's ghost, amateur HOMo
D:10 Lodul
D:12 2 runed translucent doors, exclusion: obsidian statue
Spider:2 Jorgrun


Innate Abilities, Weirdness & Mutations

You have razor-sharp teeth.
Your natural rate of healing is unusually fast.
When hurt, damage is shared between your health and your magic reserves.
Your bite disrupts and absorbs the magic of your enemies.
Potions cannot restore your health.


Message History

The iron troll is moderately wounded.
Your +3 spectral long sword hits the iron troll!
A tengu reaver comes into view. It is wielding a +0 great sword.
You hit the iron troll.
You bite the iron troll, but do no damage.
The iron troll is heavily wounded.
Your +3 spectral long sword hits the iron troll.
The iron troll bites your +3 spectral long sword but does no damage.
The iron troll claws your +3 spectral long sword but does no damage.
The iron troll claws your +3 spectral long sword!
Your spectral weapon shares its damage with you!
The tengu reaver points at you and mumbles some strange words.
The bolt of acid hits you!!!
* * * LOW HITPOINT WARNING * * *
The acid corrodes you!
You feel yourself speed up.
A fire giant comes into view.
It is wielding a +5 great sword of flaming.
You hit the iron troll but do no damage.
You bite the iron troll, but do no damage.
The iron troll is heavily wounded.
Your +3 spectral long sword hits the iron troll but does no damage.
The fire giant casts a spell at you. The bolt of fire misses you.
The bolt of fire hits your +3 spectral long sword!!
Your +3 spectral long sword resists.
Your spectral weapon shares its damage with you!
Your +3 spectral long sword fades away.
* * * LOW HITPOINT WARNING * * *
Okay, then.
A red film seems to cover your vision as you go berserk!
You feel yourself moving faster!
You feel mighty! The iron troll bites you!!
* * * LOW HITPOINT WARNING * * *
The iron troll misses you.
The iron troll claws you but does no damage.
You hit the iron troll.
The iron troll is heavily wounded.
Your +3 spectral long sword hits the iron troll!
The fire giant gestures at you while chanting.
The bolt of fire hits you!!!
You die...

.#..†.###[.## #.
##..###....# ..#
#.#.#.#.#### #.#.
###........# #..
#...#...#...# .).
#...##..##..# ##.## # #
.....#...##.###...#.#C..
..........####..........
.....#...##..##(@.#
##.####.##....#T###.#
#....#.#..†..TT....#
###...###.....###...#
#......#......# .#Q#
#.#....#......## # ..
#####.###......# ..
#......[......# .
#..........#


You could see a fire giant, an iron troll (distracted), 2 deep trolls and a
friendly +3 spectral long sword (summoned).

Vanquished Creatures
  A tentacled monstrosity (Swamp:4)
  Frances (D:14)
  Kirke (D:15)
  A thorn hunter (Swamp:4)
  Gastronok (D:8)
  Aizul (Swamp:1)
  A broodmother (Spider:1)
  A reaper (Gauntlet)
  2 stone giants
  4 eleionomae
  Nessos (D:14)
  A minotaur (Gauntlet)
  2 spark wasps (Depths:1)
  6 bunyips
  3 entropy weavers (Spider:1)
  A yaktaur captain (D:14)
  A rakshasa (Depths:1)
  Fannar (D:10)
  12 hydras
  A ghost crab (Swamp:3)
  2 catoblepae
  4 two-headed ogres
  9 centaur warriors
  9 alligators
  4 boulder beetles
  2 deep troll shamans (Depths:1)
  A tengu warrior (Depths:1)
  2 deep troll earth magi (Depths:1)
  A fire crab (Gauntlet)
  2 iron trolls (Depths:1)
  10 skeletal warriors
  4 goliath frogs
  A skyshark (Lair:3)
  4 orb spiders
  A death drake (Swamp:4)
  3 spriggan druids
  A lindwurm (Lair:4)
  3 deep trolls (Depths:1)
  6 bog bodies
  2 wizards (D:14)
  A steelbarb worm (Spider:1)
  5 swamp dragons
  8 wolf spiders
  2 manticores
  2 deep elf pyromancers (D:14)
  4 will-o-the-wisps
  7 cyclopes
  10 ugly things
  22 elephants
  11 black mambas
  A guardian serpent (Lair:5)
  10 cane toads
  Joseph (D:8)
  A torpor snail (Lair:5)
  A rust devil (Orc:2)
  2 demonic crawlers (Spider:1)
  Maggie (D:6)
  5 gargoyles
  A kobold demonologist (D:13)
  A rime drake (D:10)
  5 freezing wraiths
  Psyche (D:10)
  5 yaktaurs
  6 komodo dragons
  An efreet (D:14)
  A tengu conjurer (D:14)
  6 trolls
  A bloated husk (Swamp:1)
  3 tyrant leeches
  12 polar bears
  Grinder (D:6)
  11 hornets
  11 tarantellas
  Prince Ribbit (D:8)
  12 blink frogs
  3 hellwings (Gauntlet)
  2 raiju (Lair:5)
  9 jumping spiders (Spider:1)
  13 spriggans
  A water elemental (D:14)
  3 culicivoras (Spider:1)
  8 slime creatures (D:13)
  3 wraiths
  A vampire (D:13)
  3 fire bats (Gauntlet)
  4 hogs (D:15)
  18 wyverns
  A hog (shapeshifter) (D:13)
  A human (shapeshifter) (D:14)
  Grum (D:10)
  A neqoxec (Gauntlet)
  57 yaks
  8 basilisks
  3 chaos spawn (Gauntlet)
  4 swamp worm simulacra (Swamp:4)
  16 redbacks
  26 vampire mosquitoes
  Menkaure (D:6)
  10 swamp worms
  6 wargs (Lair:5)
  13 hell hounds (Lair:5)
  An acid dragon (D:8)
  2 hydra simulacra (Swamp:4)
  13 water moccasins
  8 orc warriors
  2 sky beasts (D:8)
  A swamp drake (Swamp:1)
  13 black bears
  14 centaurs
  7 ogres
  26 wolves
  2 phantoms
  5 kobold brigands
  9 bullfrogs
  3 necrophages
  A gnoll sergeant (D:6)
  A scorpion (D:5)
  5 wights (D:6)
  20 killer bees
  An electric eel (Lair:1)
  2 gnoll boudas
  2 hounds
  15 orc priests
  2 jellies (D:6)
  Crazy Yiuf (D:6)
  2 iguanas
  Ijyb (D:4)
  6 hell rats (Lair:5)
  Natasha (twice) (D:4)
  18 orc wizards
  2 mummies
  4 adders
  20 gnolls
  2 white imps
  4 swamp drake simulacra (Swamp:4)
  An ufetubus (D:7)
  2 worms (D:2)
  11 dart slugs
  57 orcs
  3 spectral bats (Ossuary)
  7 ball pythons
  2 bats
  6 endoplasms
  3 giant cockroaches (D:1)
  12 gnoll zombies (Ossuary)
  10 goblins
  2 hobgoblins
  7 quokkas
  3 bat simulacra (Ossuary)
  4 frilled lizards
  4 goblin simulacra (Ossuary)
  A goblin zombie (Ossuary)
  6 hobgoblin zombies (Ossuary)
  23 kobolds
  5 kobold simulacra (Ossuary)
  7 kobold zombies
  6 orc zombies
  5 rats
  A rat simulacrum (Ossuary)
  5 spectral goblins (Ossuary)
  5 spectral kobolds (Ossuary)
  5 spectral rats (Ossuary)
  A butterfly (Lair:3)
924 creatures vanquished.

Vanquished Creatures (others)
  A ghost crab (Swamp:4)
  A yaktaur (D:14)
  A redback (Spider:1)
  6 foxfires
  22 fungi
  66 plants
97 creatures vanquished.

Grand Total: 1021 creatures vanquished

Notes
Turn   | Place    | Note
-------+----------+-------------------------------------------
     0 | D:1      | Leeroy the Vine Stalker Warper began the quest for the Orb.
     0 | D:1      | Reached XP level 1. HP: 11/11 MP: 4/4
    98 | D:1      | Reached XP level 2. HP: 15/15 MP: 6/6
   464 | D:1      | Reached XP level 3. HP: 16/18 MP: 5/7
  1117 | D:2      | Noticed a phantom
  1139 | D:2      | Killed a phantom
  1140 | D:2      | Gained mutation: Your natural rate of healing is unusually
                  | fast. [Vine Stalker growth]
  1140 | D:2      | Reached XP level 4. HP: 2/23 MP: 1/8
  1218 | D:2      | Reached XP level 5. HP: 26/26 MP: 9/9
  1788 | D:3      | Found a faded altar of an unknown god.
  1802 | D:3      | Got Plato's Papyrus of Bolts
  1813 | D:3      | Learned a level 2 spell: Blink
  1817 | D:3      | Learned a level 3 spell: Vhi's Electric Charge
  2082 | D:3      | Reached skill level 5 in Long Blades
  2685 | D:4      | Reached XP level 6. HP: 22/30 MP: 8/10
  2688 | D:4      | Found a sand-covered staircase.
  2724 | Ossuary  | Entered an ossuary
  3469 | D:4      | Noticed Ijyb
  3526 | D:4      | Found a runed translucent door.
  3526 | D:4      | Noticed Stoves66's ghost (amateur HOMo)
  3648 | D:4      | Found a shimmering altar of Xom.
  3700 | D:4      | Found a sparkling altar of Nemelex Xobeh.
  3922 | D:4      | Found a white marble altar of Elyvilon.
  3931 | D:4      | Noticed Natasha
  3947 | D:4      | Killed Natasha
  3948 | D:4      | Reached XP level 7. HP: 23/34 MP: 9/11
  4112 | D:4      | Killed Ijyb
  4449 | D:5      | Entered Level 5 of the Dungeon
  4805 | D:5      | Learned a level 4 spell: Manifold Assault
  5000 | D:5      | Reached skill level 5 in Dodging
  5258 | D:5      | Gained mutation: You have razor-sharp teeth. [Vine Stalker
                  | growth]
  5258 | D:5      | Reached XP level 8. HP: 38/38 MP: 12/12
  5547 | D:6      | Noticed Maggie
  5614 | D:6      | Noticed Grinder
  5624 | D:6      | Killed Grinder
  5935 | D:6      | Killed Maggie
  5942 | D:6      | Reached skill level 5 in Fighting
  5992 | D:6      | Found a runed translucent door.
  5993 | D:6      | Noticed Crazy Yiuf
  6047 | D:6      | Noticed Menkaure
  6051 | D:6      | Killed Menkaure
  6052 | D:6      | Reached XP level 9. HP: 48/48 MP: 13/13
  6220 | D:6      | Found Feokhlut's Weapon Shoppe.
  6235 | D:6      | Bought 5 curare-tipped darts for 90 gold pieces
  6244 | D:6      | Identified the +4 cloak of Understanding {Contam +Blink rN+
                  | Dex+2}
  6616 | D:7      | Found a glowing silver altar of Zin.
  7405 | D:8      | Reached XP level 10. HP: 53/53 MP: 14/14
  7408 | D:8      | Noticed Gastronok
  7426 | D:8      | Killed Gastronok
  7427 | D:8      | Reached skill level 10 in Long Blades
  7794 | D:8      | Noticed Prince Ribbit
  7808 | D:8      | Killed Prince Ribbit
  7849 | D:8      | Noticed Joseph
  7862 | D:8      | Killed Joseph
  8336 | D:9      | Found a staircase to the Orcish Mines.
  8349 | D:9      | Found a bloodstained altar of Trog.
  8442 | D:9      | Found a shadowy altar of Dithmenos.
  8444 | D:9      | Found a basalt altar of Yredelemnul.
  8972 | D:9      | Reached XP level 11. HP: 54/56 MP: 15/15
  9262 | D:10     | Entered Level 10 of the Dungeon
  9277 | D:10     | Found an iron altar of Okawaru.
  9281 | D:10     | Noticed Psyche
  9475 | D:10     | Noticed a two-headed ogre
  9724 | D:4      | Noticed Natasha
  9762 | D:4      | Killed Natasha
  9983 | D:6      | Killed Crazy Yiuf
 10025 | D:4      | Found a staircase to the Ecumenical Temple.
 10030 | Temple   | Entered the Ecumenical Temple
 10065 | Temple   | Became a worshipper of the Wu Jian Council
 10171 | Orc:1    | Entered Level 1 of the Orcish Mines
 10574 | Orc:2    | Entered Level 2 of the Orcish Mines
 10703 | Orc:2    | Reached * piety under Wu Jian
 11131 | Orc:2    | Found a staircase to the Elven Halls.
 11166 | Orc:2    | Reached skill level 3 in Spellcasting
 11836 | Orc:2    | Reached ** piety under Wu Jian
 11843 | Orc:2    | Reached skill level 4 in Spellcasting
 12023 | D:9      | Killed a two-headed ogre
 12024 | D:9      | Reached skill level 5 in Spellcasting
 12214 | D:10     | Noticed Lodul
 12225 | D:10     | Reached skill level 6 in Spellcasting
 12254 | D:10     | Killed Psyche
 12276 | D:10     | Noticed Fannar
 12301 | D:10     | Killed Fannar
 12302 | D:10     | Reached skill level 7 in Spellcasting
 12376 | D:10     | Noticed Grum
 12386 | D:10     | Killed Grum
 12502 | D:10     | Reached skill level 8 in Spellcasting
 12586 | D:10     | Noticed a two-headed ogre
 12596 | D:10     | Killed a two-headed ogre
 12597 | D:10     | Reached XP level 12. HP: 43/61 MP: 25/25
 13015 | D:10     | Found a staircase to the Lair.
 13132 | Lair:1   | Entered Level 1 of the Lair of Beasts
 13206 | Lair:1   | Reached skill level 9 in Spellcasting
 13233 | Lair:1   | Reached skill level 10 in Spellcasting
 13287 | Lair:1   | Reached *** piety under Wu Jian
 13547 | Lair:1   | Reached skill level 11 in Spellcasting
 13660 | Lair:1   | Found a broken altar of Ashenzari.
 14280 | Lair:2   | Found a hole to the Spider Nest.
 14696 | Lair:2   | Found the +3 pair of gauntlets of War {Slay+5}
 15391 | Lair:3   | Reached **** piety under Wu Jian
 15459 | Lair:3   | Reached XP level 13. HP: 65/65 MP: 29/29
 15473 | Lair:3   | Found a staircase to the Swamp.
 15598 | Lair:3   | You fall into a shaft and drop 2 floors!
 15598 | Lair:5   | Entered Level 5 of the Lair of Beasts
 15616 | Lair:5   | Reached skill level 15 in Long Blades
 15701 | Lair:5   | Reached ***** piety under Wu Jian
 15975 | Lair:5   | Found a staircase to the Slime Pits.
 15975 | Lair:5   | Found a viscous altar of Jiyva.
 16125 | Lair:5   | Reached skill level 10 in Fighting
 16318 | Lair:5   | Reached XP level 14. HP: 54/77 MP: 30/30
 16416 | Lair:5   | Reached skill level 1 in Armour
 16483 | Lair:5   | Reached ****** piety under Wu Jian
 16839 | Lair:5   | Identified the +5 robe of the Arena {Rampage Dex+4}
 17234 | Lair:4   | Reached skill level 5 in Armour
 18000 | Lair:3   | Reached skill level 12 in Spellcasting
 18524 | Swamp:1  | Entered Level 1 of the Swamp
 18561 | Swamp:1  | You fall into a shaft and drop 1 floor!
 18776 | Swamp:1  | Noticed an eleionoma
 18780 | Swamp:1  | Killed an eleionoma
 18830 | Swamp:1  | Reached skill level 13 in Spellcasting
 19037 | Swamp:1  | Noticed Aizul
 19050 | Swamp:1  | Killed Aizul
 19051 | Swamp:1  | Reached XP level 15. HP: 42/82 MP: 27/33
 19839 | Swamp:1  | Reached skill level 14 in Spellcasting
 20341 | Swamp:2  | Learned a level 5 spell: Alistair's Intoxication
 20343 | Swamp:2  | Learned a level 1 spell: Shock
 20346 | Swamp:2  | Learned a level 2 spell: Momentum Strike
 20350 | Swamp:2  | Learned a level 3 spell: Teleport Other
 20409 | Swamp:2  | Learned a level 5 spell: Irradiate
 20415 | Swamp:2  | Learned a level 5 spell: Freezing Cloud
 20419 | Swamp:2  | Learned a level 3 spell: Kindle Blastsparks
 20670 | Swamp:2  | Reached skill level 15 in Spellcasting
 21064 | Swamp:3  | Learned a level 5 spell: Yara's Violent Unravelling
 21080 | Swamp:3  | Identified the +1 dagger "Afoig" {freeze, Fragile rCorr
                  | Stlth+}
 21318 | Swamp:3  | Reached skill level 16 in Spellcasting
 21713 | Swamp:3  | Learned a level 5 spell: Summon Forest
 21714 | Swamp:4  | Entered Level 4 of the Swamp
 21714 | Swamp:4  | Noticed a tentacled monstrosity
 21720 | Swamp:4  | Killed a tentacled monstrosity
 21734 | Swamp:4  | Identified the +1 robe of Qostenke {rPois}
 21844 | Swamp:4  | Noticed a thorn hunter
 22112 | Swamp:4  | Reached XP level 16. HP: 87/87 MP: 35/37
 22120 | Swamp:4  | Reached skill level 17 in Spellcasting
 22149 | Swamp:4  | Learned a level 4 spell: Passage of Golubria
 22262 | Swamp:4  | Found a shimmering altar of Xom.
 23115 | Swamp:4  | Noticed an azure jelly
 23138 | Swamp:4  | Killed a thorn hunter
 23712 | Spider:1 | Entered Level 1 of the Spider Nest
 23900 | Spider:1 | Reached skill level 18 in Spellcasting
 25195 | Spider:2 | Noticed Jorgrun
 26109 | D:12     | Found a gate leading to a gauntlet.
 26223 | Gauntlet | Entered a Gauntlet
 26223 | Gauntlet | Found a transporter.
 26223 | Gauntlet | Found a transporter.
 26241 | Gauntlet | Found a transporter.
 26245 | Gauntlet | Found a transporter.
 26253 | Gauntlet | Found a transporter.
 26257 | Gauntlet | Found a transporter.
 26265 | Gauntlet | Found a transporter.
 26280 | Gauntlet | Found the amulet of Vitality {RegenMP++ Regen++}
 26282 | Gauntlet | Found a transporter.
 26297 | Gauntlet | Found a transporter.
 26301 | Gauntlet | Found a transporter.
 26309 | Gauntlet | Found a transporter.
 26313 | Gauntlet | Found a transporter.
 26375 | Gauntlet | Identified the -1 pair of boots of Forking Paths {rF+
                  | Stlth+}
 26476 | Gauntlet | Identified the +1 helmet "Haneh" {Contam rN++ Regen+ Dex-2}
 26611 | Gauntlet | Identified the +4 morningstar of Wuyf {flame, rElec rC+++
                  | rCorr Str-2}
 26625 | Gauntlet | Identified the +5 ring mail of the Monkey's Uncle {Will+}
 26625 | Gauntlet | Identified the +12 sling of Sequestration {flame, Str+2}
 26832 | D:12     | Found a runed translucent door.
 26841 | D:12     | Found a runed translucent door.
 26853 | D:12     | Found a runed translucent door.
 27022 | D:12     | Learned a level 2 spell: Wereblood
 27035 | D:12     | Found a runed translucent door.
 27321 | D:13     | Got Nuhoes's Enchiridion on Prime Erosion
 27435 | D:13     | Found Aniof's Weapon Emporium.
 27552 | D:13     | Reached XP level 17. HP: 78/95 MP: 30/40
 27819 | D:14     | Noticed Frances
 27829 | D:14     | Killed Frances
 27870 | D:14     | Noticed Nessos
 27878 | D:14     | Killed Nessos
 28161 | D:14     | Found a gate to the Vaults.
 28577 | D:15     | Entered Level 15 of the Dungeon
 28778 | D:15     | Found a staircase to the Depths.
 29483 | D:15     | Learned a level 3 spell: Tukima's Dance
 29489 | D:15     | Noticed Kirke
 29499 | D:15     | Killed Kirke
 29655 | Depths:1 | Entered Level 1 of the Depths
 29807 | Depths:1 | Killed from afar by a fire giant

Illustrated notes

Levels and vault maps discovered:
D:1:      dpeg_arrival_leaves_temple_mockup, layout_loops_ring
D:2:      layout_loops_corners, minmay_misc_feat_pillars, minivault_24
D:3:      layout_basic, shapermc_ecumenical_altar_rom_forum,
          minmay_misc_feat_columns
D:4:      layout_gridville, mainiacjoe_overflow_catwalk_spiral,
          mainiacjoe_overflow_brackets, minmay_temple_entry_from_below_a,
          hellmonk_ghost_happy_afterlife, nicolae_ossuary_entry_giza, uniq_ijyb,
          uniq_natasha
D:5:      kennysheep_slugbush, layout_basic, hex_medium
D:6:      layout_rooms, serial_shops,
          nicolae_shop_temple_entry_statues_fountains, kennysheep_small_spiral,
          nicolae_underground_beach, uniq_grinder, uniq_maggie,
          uniq_crazy_yiuf_cottage, uniq_menkaure
D:7:      layout_cave_pools, zin_academy
D:8:      layout_loops_ring, kennysheep_cluttered_room, minivault_10,
          uniq_joseph, uniq_prince_ribbit1, uniq_gastronok
D:9:      layout_stronghold, nicolae_overflow_hidden_temple, orc_0_dummy
D:10:     layout_stronghold, okawaru_metal_pillars_3, grunt_decor_resistance,
          uniq_lodul, uniq_fannar, uniq_psyche, uniq_grum
D:11:     layout_irregular_city
D:12:     layout_cave_pools, gauntlet_entry_generic, minmay_statue_crystal_thing
D:13:     layout_gridville, serial_shops, shop, minmay_fractal_squares_5
D:14:     minmay_box_of_statues, layout_cave_pools, david_vaults_2,
          minmay_crystal_water, uniq_frances, uniq_nessos
D:15:     grunt_enter_depths_giant_problem, layout_basic, uniq_kirke
Temple:   nicolae_temple_ecumenical_triangle
Lair:1:   layout_small_grid, basic_altar, chequers_serial_rivers_large_a,
          guppyfry_lair_drakes, serial_bayou_shore_b
Lair:2:   hellmonk_destroyed_diamonds, layout_cellular_growth,
          dummy_spider_entry, chequers_serial_rivers_micro_c
Lair:3:   layout_cave_pods, skrybe_swamp_entry_bodies, serial_bayou_shore_b,
          lemuel_fruit_fields
Lair:4:   beast_lair_carwin_large_2, layout_hall_layers, lemuel_fruit_tree
Lair:5:   hangedman_lair_caniforms_friends, layout_gridlike,
          hangedman_lair_tendril_chambers, slime_entry_1, serial_bayou_pond_c
Swamp:1:  layout_basic_swamp, nicolae_swamp_decorative_isthmus,
          infiniplex_staircase_pool, uniq_aizul
Swamp:2:  layout_falls_marsh, evilmike_swamp_ruin_house_6
Swamp:3:  layout_basic_swamp, serial_swamp_ruin, evilmike_swamp_ruin_house_2,
          evilmike_swamp_ruin_rubble_1, evilmike_swamp_ruin_house_4
Swamp:4:  swamp_icy, layout_basic_swamp, swamp_pool3, lemuel_altar_in_water,
          nicolae_swamp_baby_hydras
Spider:1: layout_chambers
Spider:2: layout_spider_delve, uniq_jorgrun
Orc:1:    layout_caves, basic_altar
Orc:2:    pf_orc_diabolical, layout_caves
Depths:1: layout_honeycomb, minmay_misc_feat_roman, grunt_mini_vestibule,
          cheibrodos_ashenzari_chains

Skill      XL: |  1  2  3  4  5  6  7  8  9 10 11 12 13 14 15 16 17 |
---------------+----------------------------------------------------+-----
Long Blades    | 2 3 4 5 6 9 12 13 14 15 16 | 16.0
Dodging        | 2 5 6 9 |  9.8
Fighting       | 5 6 10 11 13 | 13.0
Spellcasting   | 8 11 13 16 18 | 18.3
Armour         | 7 |  7.5
Throwing       | |  0.8
Translocations | |  3.0

Action                     |  1- 3 |  4- 6 |  7- 9 | 10-12 | 13-15 | 16-18 || total
---------------------------+-------+-------+-------+-------+-------+-------++-------
  Melee: Falchion          |    78 |   225 |     1 |    15 |       |       ||   319
         Bite              |    18 |    60 |   104 |   304 |   445 |   365 ||  1296
         Punch             |     1 |     3 |     7 |    15 |    19 |     9 ||    54
         Dagger            |       |       |   265 |   640 |   492 |       ||  1397
         Long sword        |       |       |       |    38 |   465 |   653 ||  1156
         Rapier            |       |       |       |       |    11 |    40 ||    51
         Scimitar          |       |       |       |       |    10 |    29 ||    39
  Throw: Dart              |       |     3 |       |       |       |       ||     3
         Throwing net      |       |       |     2 |       |     1 |       ||     3
   Cast: Blink             |       |       |       |     1 |     1 |       ||     2
         Vhi's Electric Ch |       |       |       |       |     1 |     1 ||     2
         Manifold Assault  |       |       |       |       |       |    20 ||    20
 Invoke: Serpent's Lash    |       |       |       |       |       |     2 ||     2
Ability: Lunge             |       |       |       |    43 |    20 |       ||    63
         Whirlwind         |       |       |       |    53 |    85 |    52 ||   190
         Wall Jump         |       |       |       |       |     4 |     1 ||     5
  Evoke: Wand              |       |     1 |     1 |     1 |       |       ||     3
    Use: Scroll            |       |       |       |    13 |     7 |    13 ||    33
         Potion            |       |       |       |       |       |     4 ||     4
   Stab: Sleeping          |     1 |     5 |       |     1 |     2 |     7 ||    16
         Distracted        |       |       |       |       |    18 |    15 ||    33
         Invisible         |       |       |       |       |       |     2 ||     2
 Armour: Leather armour    |    17 |    67 |    89 |   137 |   110 |       ||   420
         Robe              |       |       |       |       |   145 |   254 ||   399
  Dodge: Dodged            |    42 |   126 |   246 |   381 |   639 |   487 ||  1921

Table legend: (Time is in decaauts)
 A = Elapsed time spent in this place.
 B = Non-inter-level travel time spent in this place.
 C = Inter-level travel time spent in this place.
 D = Time resting spent in this place.
 E = Time spent auto-exploring this place.
 F = Levels seen in this place.
 G = Mean time per level.
                   A        B        C        D        E       F      G
               +--------+--------+--------+--------+--------+-----+--------+
         Total |  29430 |  26829 |   2601 |   3964 |  17013 |  32 |  919.7 |
       Dungeon |  14254 |  13138 |   1116 |    875 |   9442 |  15 |  950.3 |
        Temple |     52 |     35 |     17 |      0 |     21 |   1 |   52.0 |
          Lair |   5406 |   4762 |    644 |    106 |   3550 |   5 | 1081.2 |
         Swamp |   5188 |   4642 |    546 |   1952 |   1804 |   4 | 1297.0 |
   Spider Nest |   1555 |   1491 |     64 |    190 |   1023 |   2 |  777.5 |
  Orcish Mines |   1787 |   1575 |    212 |    527 |    787 |   2 |  893.5 |
        Depths |    132 |    132 |      0 |      8 |     51 |   1 |  132.0 |
       Ossuary |    577 |    577 |      0 |    244 |    133 |   1 |  577.0 |
      Gauntlet |    476 |    476 |      0 |     61 |    202 |   1 |  476.0 |
               +--------+--------+--------+--------+--------+-----+--------+

Top non-repeatable levels by time:
 Swamp:1: 1747 daAuts
 Swamp:4: 1522 daAuts
     D:5: 1455 daAuts
Spider:1: 1437 daAuts
     D:4: 1412 daAuts
  Lair:5: 1404 daAuts
   Orc:2: 1361 daAuts
     D:9: 1212 daAuts
  Lair:2: 1193 daAuts
    D:10: 1137 daAuts
     D:6: 1133 daAuts
 Swamp:3: 1099 daAuts
  Lair:3: 1042 daAuts
    D:15: 1035 daAuts
     D:2: 1015 daAuts
